 Dungeon Crawl Stone Soup version 0.19-a0-1717-gc7c1317 (webtiles) character file.

1181 Flanowski the Changer (level 8, -1/38 HPs)
             Began as a Vine Stalker Transmuter on Sept 29, 2016.
             Was a Follower of Ashenzari.
             Slain by a bullfrog (5 damage)
             ... in a sewer.
             The game lasted 00:12:23 (4046 turns).

Flanowski the Changer (Vine Stalker Transmuter)     Turns: 4046, Time: 00:12:24

Health: -1/38      AC:  3    Str: 12    XL:     8   Next: 42%
Magic:  0/15       EV: 19    Int: 13    God:    Ashenzari [*.....]
Gold:   174        SH:  0    Dex: 23    Spells: 3 memorised, 10 levels left

rFire  . . .     SeeInvis .       - Unarmed
rCold  . . .     Gourm    .     (armour currently unavailable)
rNeg   . . .     Faith    .     (shield currently unavailable)
rPois  .         Spirit   +     (helmet currently unavailable)
rElec  .         Dismiss  .     (cloak currently unavailable)
rCorr  .         Reflect  .     (gloves currently unavailable)
MR     +....     Harm     .     (boots currently unavailable)
Stlth  +.........               (no amulet)
                                s - ring of poison resistance (curse)
                                g - +2 ring of slaying (curse)

@: about to teleport, spider-form, constricted
A: (fangs 0), regeneration 1, magic shield, (antimagic bite), no device heal 3,
rot immunity
a: End Transformation, Curse Item, Scrying, Renounce Religion


You were in a sewer.
You worshipped Ashenzari.
Ashenzari was aware of your devotion.
You were very hungry.
You were a venomous arachnid creature.
You visited 2 branches of the dungeon, and saw 6 of its levels.
You also visited: Sewer.

You collected 174 gold pieces.

Inventory:

Missiles
 a - 46 arrows
Armour
 b - a +0 robe (melded)
Jewellery
 g - a cursed +2 ring of slaying (left front leg)
 s - a cursed ring of poison resistance (right front leg)
Wands
 y - a wand of polymorph (2/24)
 B - a wand of slowing (9/48)
Scrolls
 e - 2 scrolls of remove curse
 j - 4 scrolls of identify
 m - 3 scrolls of teleportation
 o - 2 scrolls of amnesia {unknown}
 p - 3 scrolls of enchant weapon {unknown}
 q - 2 scrolls of magic mapping {unknown}
 t - a scroll of enchant armour {unknown}
 F - a scroll of acquirement {unknown}
 G - a scroll of recharging {unknown}
Potions
 i - a potion of cure mutation {unknown}
 k - 2 potions of brilliance {unknown}
 l - 6 potions of curing {unknown}
 n - 2 potions of agility {unknown}
 r - 2 potions of might {unknown}
 w - 2 potions of flight {unknown}
 x - 3 potions of heal wounds {unknown}
 z - 2 potions of degeneration {unknown}
 C - a potion of resistance {unknown}
 D - a potion of magic {unknown}
 E - 2 potions of haste {unknown}
Books
 c - a book of Changes

   Spells                             Type                      Level
   a - Beastly Appendage              Transmutation                1
   b - Sticks to Snakes               Transmutation                2
   c - Spider Form                    Transmutation/Poison         3
   d - Ice Form                       Ice/Transmutation            4
   e - Blade Hands                    Transmutation                5
 u - Jessica's Papyrus of the Compass
   (You found it on level 2 of the Dungeon)

   Spells                             Type                      Level
   a - Shroud of Golubria             Charms/Translocation         2
Comestibles
 d - 3 bread rations
 f - a royal jelly
 v - 18 chunks of flesh
 A - 2 meat rations


   Skills:
 + Level 1.6 Fighting
 + Level 3.2 Dodging
 + Level 5.8 Unarmed Combat
 + Level 4.6 Spellcasting
 * Level 6.0 Transmutations
 + Level 1.8 Poison Magic


You had 10 spell levels left.
You knew the following spells:

 Your Spells              Type           Power        Failure   Level  Hunger
a - Beastly Appendage     Tmut           ###...       6%          1    None
b - Sticks to Snakes      Tmut           ###.....     10%         2    ##.....
c - Spider Form           Tmut/Pois      ##........   28%         3    ###....


Dungeon Overview and Level Annotations

Branches:
Dungeon (5/15)             Temple (1/1) D:4

Altars:
Ashenzari
Fedhas
Gozag
Makhleb
Okawaru
Qazlal
Sif Muna
Vehumet
Xom
Yredelemnul
The Shining One

Annotations:
D:5 Grim's ghost, novice TeCj


Innate Abilities, Weirdness & Mutations

((You have razor-sharp teeth.))
Your natural rate of healing is unusually fast.
When hurt, damage is shared between your health and your magic reserves.
((Your bite disrupts and absorbs the magic of your enemies.))
Potions and wands cannot restore your health.
You are immune to rotting.


Message History

The scroll dissolves into smoke.
It was a scroll of fog.
The bullfrog closely misses you. The ball python bites you.
The bullfrog hits you.
* * * LOW HITPOINT WARNING * * *
The ball python closely misses you.
* * * LOW HITPOINT WARNING * * *
The ball python constricts you. The bullfrog barely misses you.
The frilled lizard completely misses you.
The ball python barely misses you. The ball python closely misses you.
The ball python bites you but does no damage.
As you read the scroll labeled MENEYRUNOAR, it crumbles to dust.
You feel strangely unstable.
It was a scroll of teleportation.
The bullfrog hits you.
* * * LOW HITPOINT WARNING * * *
The bullfrog completely misses you. The ball python bites you.
* * * LOW HITPOINT WARNING * * *
The ball python constricts you. The ball python closely misses you.
The ball python barely misses you. The ball python misses you.
The frilled lizard closely misses you. The bullfrog hits you!
You die...

#....##### #....##..#
#.....'..# ##....####
#.....####################
#......≈≈≈≈≈≈≈≈≈≈≈≈≈≈≈≈≈≈.
##......≈≈≈≈≈≈≈§§≈≈≈≈≈≈≈≈.
#......≈≈≈≈≈lSS≈≈≈≈≈≈≈≈..
##.....≈≈≈≈§§sFS≈≈≈≈≈≈≈≈.
##....≈≈≈≈≈FSSJ≈≈≈≈≈≈≈.S
###.≈≈≈≈≈≈≈l≈§≈≈≈≈≈≈≈..
#####################


You could see 2 bullfrogs, an ooze, 5 ball pythons and 2 frilled lizards.

Vanquished Creatures
  The ghost of Grim the Firebug, an amateur TeFE (D:4)
  Sigmund (D:3)
  2 ogres (D:4)
  A big kobold (D:4)
  A gnoll sergeant (D:5)
  A scorpion (D:4)
  A crimson imp (D:4)
  An orc priest (D:4)
  A bullfrog skeleton (D:4)
  Jessica (D:2)
  Natasha (thrice) (D:3)
  3 worker ants
  5 gnolls (D:5)
  8 adders
  3 river rats (Sewer)
  2 oozes
  2 worms
  2 dart slugs
  5 leopard geckos
  6 orcs (D:4)
  8 bats
  6 giant cockroaches
  5 goblins
  7 hobgoblins
  2 jackals (D:4)
  4 quokkas
  13 ball pythons
  8 frilled lizards
  8 kobolds
  34 rats
145 creatures vanquished.

Notes
Turn   | Place    | Note
-------+----------+-------------------------------------------
     0 | D:1      | Flanowski the Vine Stalker Transmuter began the quest for the Orb.
     0 | D:1      | Reached XP level 1. HP: 9/9 MP: 4/4
    68 | D:1      | Reached XP level 2. HP: 9/14 MP: 3/6
   576 | D:2      | Found a shimmering altar of Xom.
   601 | D:2      | Reached XP level 3. HP: 16/17 MP: 5/7
   607 | D:2      | Found a burning altar of Makhleb.
   607 | D:2      | Noticed a green death
  1247 | D:2      | Gained mutation: Your natural rate of healing is unusually fast. [Vine Stalker growth]
  1247 | D:2      | Reached XP level 4. HP: 10/21 MP: 6/9
  1252 | D:2      | Reached skill level 1 in Fighting
  1272 | D:2      | Reached skill level 3 in Transmutations
  1381 | D:2      | Noticed Jessica
  1394 | D:2      | Killed Jessica
  1407 | D:2      | Identified Jessica's Papyrus of the Compass
  1537 | D:3      | Reached XP level 5. HP: 25/25 MP: 8/10
  1572 | D:3      | Learned a level 2 spell: Sticks to Snakes
  1576 | D:3      | Learned a level 3 spell: Spider Form
  1616 | D:3      | Noticed Sigmund
  1627 | D:3      | Killed Sigmund
  1627 | D:3      | Reached skill level 4 in Transmutations
  1627 | D:3      | Reached XP level 6. HP: 30/30 MP: 7/12
  1653 | D:3      | Noticed Natasha
  1726 | D:3      | Killed Natasha
  1866 | D:3      | Noticed Natasha
  1878 | D:3      | Killed Natasha
  2071 | D:3      | Noticed Natasha
  2144 | D:3      | Killed Natasha
  2383 | D:4      | Noticed Grim's ghost (amateur TeFE)
  2397 | D:4      | Killed Grim's ghost
  2397 | D:4      | Reached skill level 5 in Transmutations
  2397 | D:4      | Reached XP level 7. HP: 21/33 MP: 5/13
  2490 | D:4      | Reached skill level 5 in Unarmed Combat
  2715 | D:4      | Found an opulent altar of Gozag.
  2733 | D:4      | Reached skill level 1 in Poison Magic
  2757 | D:4      | Found a staircase to the Ecumenical Temple.
  2763 | Temple   | Entered the Ecumenical Temple
  2776 | Temple   | Became a worshipper of Ashenzari the Shackled
  2877 | D:4      | Gained mutation: You have razor-sharp teeth. [Vine Stalker growth]
  2877 | D:4      | Reached XP level 8. HP: 23/38 MP: 6/15
  3311 | D:5      | Entered Level 5 of the Dungeon
  3460 | D:5      | Noticed Grim's ghost (novice TeCj)
  3608 | D:5      | Reached skill level 6 in Transmutations
  3632 | D:5      | Found a blossoming altar of Fedhas.
  3634 | D:5      | Found a glowing drain.
  3688 | Sewer    | Entered a sewer
  4014 | Sewer    | Reached * piety under Ashenzari
  4046 | Sewer    | Slain by a bullfrog

Vault maps used:
D:1:      lightli_arrival_quake
D:2:      overflow_temple_1_default, makhleb_altar_promises_db,
          kennysheep_jessica_study
D:3:      uniq_natasha, uniq_sigmund
D:4:      old_standard_altar, first_bread
D:5:      gup_sewer_entry_glass, fedhas_bush_and_centaur_altar
Temple:   eino_temple_rhombus
Sewer:    sewer_minmay_w

Skill      XL: |  1  2  3  4  5  6  7  8 |
---------------+-------------------------+-----
Fighting       | 1 |  1.6
Transmutations | 3 4 5 6 |  6.0
Dodging        | 2 3 |  3.2
Unarmed Combat | 4 5 |  5.8
Spellcasting   | 3 4 |  4.6
Poison Magic   | 1 |  1.8

Action                   |  1- 3 |  4- 6 |  7- 9 || total
-------------------------+-------+-------+-------++-------
Melee: Unarmed           |   114 |    97 |   180 ||   391
       Kick              |     7 |     9 |     1 ||    17
       Bite              |    14 |    15 |     7 ||    36
       Punch             |     3 |     1 |     1 ||     5
       Headbutt          |     3 |    10 |     1 ||    14
 Cast: Beastly Appendage |    22 |    21 |     6 ||    49
       Spider Form       |       |     2 |    19 ||    21
Invok: Curse Item        |       |       |     2 ||     2
  Use: Scroll            |       |       |     3 ||     3
 Stab: Sleeping          |     1 |       |       ||     1
  Eat: Chunk             |     2 |     4 |     7 ||    13
Armor: Robe              |    17 |    12 |     6 ||    35
       Skin              |       |     1 |    19 ||    20
Dodge: Dodged            |    79 |    46 |   267 ||   392
